AoeStats
← Flint

Arena

510262091Analyzed
2v2 RM · 14h ago on Sep 30, 2026· 69m 26s· 4 players
Game mode
Random Map
Map size
Medium (4 player)
Population
200
Speed
Normal
Resources
Standard
Victory
Conquest
Starting age
Dark Age
Ending age
Imperial Age
RankedLock teamsTeams togetherTeam positionsShared explorationLock speedFull tech treeHidden civsTurbo modeCheats
Victory
Defeat
🇪🇸 Saxons · Spain
651
+11
🇹🇷 Lithuanians · Türkiye
651
+12
🇵🇪 Britons · Peru
568
-12
🇺🇸 Burgundians · United States
538
-11
plouga
0:52 Loom
10:48 Horse Collar
10:59 Double-Bit Axe
13:29 Wheelbarrow
16:32 Feudal Age
17:33 Gold Mining
17:34 Stone Mining
18:16 Heavy Plow
18:30 Bow Saw
18:49 Hand Cart
20:42 Stone Shaft Mining
20:43 Gold Shaft Mining
24:41 Castle Age
23:17 Caravan
23:49 Town Watch
28:50 Guilds
29:18 Crop Rotation
29:51 Two-Man Saw
31:14 Forging
31:10 Scale Barding Armor
30:39 Cavalier
33:52 Burgundian Vineyards
37:44 Imperial Age
36:24 Chain Barding Armor
36:40 Iron Casting
35:56 Fletching
36:07 Padded Archer Armor
38:33 Husbandry
40:38 Blast Furnace
40:14 Plate Barding Armor
39:56 Leather Archer Armor
40:13 Paladin
44:18 Bodkin Arrow
43:47 Elite Skirmisher
43:54 Elite Coustillier
44:55 Conscription
46:09 Bracer
51:19 Chemistry
50:40 Ballistics
50:17 Murder Holes
57:43 Town Patrol
60:59 Light Cavalry
lycandros
6:03 Loom
10:30 Feudal Age
25:12 Double-Bit Axe
25:33 Padded Archer Armor
25:25 Fletching
29:00 Castle Age
29:20 Wheelbarrow
30:32 Bow Saw
31:40 Crossbowman
35:22 Light Cavalry
45:45 Husbandry
46:21 Hand Cart
57:37 Imperial Age
56:35 Leather Archer Armor
56:16 Bodkin Arrow
58:14 Horse Collar
58:28 Gold Mining
58:31 Stone Mining
mert-10-10
15:19 Feudal Age
16:43 Wheelbarrow
17:59 Horse Collar
18:09 Double-Bit Axe
25:13 Bloodlines
29:53 Castle Age
28:25 Gold Mining
30:31 Crossbowman
31:25 Thumb Ring
33:30 Hand Cart
40:29 Squires
40:14 Arson
44:37 Bow Saw
44:31 Heavy Plow
44:25 Stone Mining
50:54 Imperial Age
48:49 Pikeman
50:58 Halberdier
56:19 Conscription
58:15 Elite Leitis
Flint
12:15 Feudal Age
18:02 Castle Age
16:48 Horse Collar
17:01 Double-Bit Axe
21:20 Heavy Plow
26:01 Wheelbarrow
27:04 Hand Cart
26:49 Gold Mining
27:15 Bow Saw
26:56 Stone Mining
27:20 Forging
27:48 Loom
28:55 Iron Casting
28:22 Scale Mail Armor
28:13 Fletching
30:50 Chain Mail Armor
32:51 Squires
32:37 Gambesons
32:38 Arson
36:02 Imperial Age
33:39 Scale Barding Armor
33:29 Bodkin Arrow
33:35 Padded Archer Armor
34:53 Chain Barding Armor
36:36 Leather Archer Armor
38:33 Plate Mail Armor
38:03 Bracer
38:34 Ring Archer Armor
37:27 Elite Hearth Troop
37:33 Shield Wall
39:03 Onager
41:25 Pikeman
42:49 Halberdier
42:50 Elite Varangian Guard
46:50 Conscription
46:47 Elite Skirmisher
47:33 Thumb Ring
46:49 Cranequins
46:50 Heavy Mounted Crossbowman
52:39 Chemistry
51:59 Ballistics
56:42 Capped Ram
57:42 Siege Ram
Connection lost

Rejoining the realm…

Still unreachable

The connection could not be restored.

Session expired

The server has moved on; the page needs a fresh start.